AoeStats
← warvagon

Arena

507450452Analyzed
1v1 RM · 13d ago on Sep 18, 2026· 28m 55s· 2 players
Game mode
Random Map
Map size
Tiny (2 player)
Population
200
Speed
Normal
Resources
Standard
Victory
Conquest
Starting age
Dark Age
Ending age
Imperial Age
RankedLock teamsTeams togetherTeam positionsShared explorationLock speedFull tech treeHidden civsTurbo modeCheats
Victory
Defeat
🇱🇹 Burmese · Lithuania
1003
+16
🇳🇴 Khmer · Norway
1003
-16
superdonk
10:51 Feudal Age
11:31 Double-Bit Axe
13:48 Loom
16:08 Bloodlines
24:59 Castle Age
27:49 Husbandry
warvagon
7:57 Loom
8:47 Loom
10:54 Feudal Age
11:39 Horse Collar
13:31 Arson
13:35 Man-at-Arms
15:49 Forging
15:40 Scale Mail Armor
21:28 Fletching
23:45 Castle Age
23:07 Gold Mining
23:14 Stone Mining
25:06 Bodkin Arrow
27:07 Pikeman
Connection lost

Rejoining the realm…

Still unreachable

The connection could not be restored.

Session expired

The server has moved on; the page needs a fresh start.